Map: Proxima Station LE

Players

CEthaNoob - Winner!

  • Race: Terran Terran
  • League: Silver
  • Spawn Location: 7:00

Whiskydog

  • Race: Terran Terran
  • League: Silver
  • Spawn Location: 1:00

VOD

Have the link to the VOD?

Description

Time

  • Played on: June 7, 2017, 6:16 p.m.
  • Length: 11:55
Show
View Real Time Build Order
Export as new Build Order

CEthaNoob Terran - Winner!

Build Orders: MMM Bio 

Get SALT Encoding   

  12  0:05  SCV  
  13  0:17  SCV  
  13  0:20  Refinery  
  14  0:25  Supply Depot  
  14  0:30  SCV  
  15  0:49  Barracks  
  15  0:51  SCV  
  16  0:59  Refinery  
  16  1:03  SCV  
  17  1:15  SCV  
  18  1:27  SCV  
  19  1:37  Supply Depot  
  19  1:39  SCV  
  20  1:52  Barracks Tech Lab  
  20  1:59  SCV  
  21  2:09  Barracks  
  21  2:11  SCV  
  22  2:16  Engineering Bay  
  22  2:20  Combat Shields  
  22  2:23  SCV  
  23  2:35  Marine, SCV  
  25  2:43  Terran Infantry Weapons Level 1  
  25  2:47  Factory  
  25  2:53  Marine  
  26  3:02  Barracks Reactor  
  26  3:26  Orbital Command  
  26  3:33  Starport  
  26  3:37  Marine  
  26  3:39  Marine x2  
  29  3:42  Factory Tech Lab  
  29  3:55  Command Center  
  29  4:05  Marine  
  29  4:06  Marine  
  31  4:15  Supply Depot  
  31  4:18  Supply Depot  
  31  4:24  Stimpack  
  31  4:26  Starport Reactor  
  31  4:37  Siege Tank  
  34  4:52  Marine x3  
  36  4:55  Refinery  
  37  5:03  Terran Infantry Armor Level 1  
  37  5:08  Medivac  
  37  5:09  Siege Tank  
  37  5:11  Medivac  
  44  5:18  SCV  
  45  5:30  SCV  
  45  5:34  Marine x3  
  49  5:49  Liberator  
  49  5:52  Marine x3  
  52  5:59  Siege Tank  
  55  6:07  Viking  
  55  6:10  Marine x2  
  62  6:16  Supply Depot  
  62  6:18  Supply Depot  
  62  6:26  Refinery  
  62  6:38  Marine, SCV  
  64  6:46  Marine x2  
  66  6:49  Siege Tank  
  69  6:55  Marine  
  69  6:59  Liberator  
  70  7:06  SCV  
  71  7:15  Viking  
  73  7:22  Marine x2  
  78  7:42  Missile Turret  
  78  7:44  Supply Depot  
  78  7:50  Supply Depot  
  78  8:05  Siege Tank, Marine x3, SCV  
  85  8:16  Liberator  
  85  8:17  SCV  
  83  8:30  SCV  
  83  8:31  Marine x2  
  89  8:37  Siege Tank  
  92  8:48  Marine x2  
  94  8:58  Supply Depot  
  55  9:50  Marine x2  
  55  9:51  Marine  
  58  10:17  Marine x3  
  61  10:34  Supply Depot  
  58  10:53  Missile Turret  
  58  10:56  Supply Depot  
  58  11:03  Supply Depot  
  58  11:08  Marine x3  
  59  11:25  Marine  
  59  11:26  Marine  
Show
View Real Time Build Order
Export as new Build Order

Whiskydog Terran 

Build Orders: MMM Bio 

Get SALT Encoding   

  12  0:05  SCV  
  13  0:16  Supply Depot  
  13  0:18  SCV  
  15  0:35  SCV  
  15  0:40  Barracks  
  15  0:47  Supply Depot  
  15  0:50  SCV  
  16  1:02  SCV  
  17  1:12  Refinery  
  17  1:14  SCV  
  18  1:18  Engineering Bay  
  18  1:26  SCV  
  18  1:30  Marine  
  20  1:38  SCV  
  21  1:45  Barracks  
  21  2:02  Barracks  
  21  2:06  SCV  
  21  2:08  Refinery  
  22  2:15  Barracks Reactor  
  22  2:19  SCV  
  23  2:25  Supply Depot  
  23  2:27  Supply Depot  
  23  2:31  SCV  
  24  2:43  SCV  
  25  2:45  Factory  
  25  2:50  Barracks Tech Lab  
  25  3:01  Orbital Command  
  25  3:03  Barracks Reactor  
  25  3:14  Marine x2  
  25  3:16  Marauder  
  29  3:20  Combat Shields  
  29  3:32  Marine  
  29  3:33  Marine  
  31  3:39  Hellion  
  33  3:49  Supply Depot  
  33  3:52  Marauder  
  35  3:57  SCV  
  35  4:00  Hellion  
  38  4:20  Command Center  
  38  4:31  SCV  
  39  4:34  Marine x2  
  39  4:35  Marine x2  
  43  4:39  Marauder  
  43  4:43  SCV  
  46  5:05  Supply Depot  
  46  5:07  Starport  
  46  5:08  Supply Depot, SCV  
  46  5:11  Supply Depot  
  47  5:20  SCV  
  48  5:23  Missile Turret  
  48  5:24  Missile Turret  
  48  5:29  Marine  
  48  5:30  Marine  
  50  5:38  Orbital Command  
  50  5:48  Starport Reactor  
  50  5:50  Marine x3  
  50  5:51  Marine  
  54  6:01  SCV  
  54  6:03  Marauder  
  57  6:09  Factory Reactor  
  57  6:10  Terran Infantry Weapons Level 1  
  57  6:13  SCV  
  57  6:15  Supply Depot  
  58  6:25  SCV x2  
  59  6:27  Marine x2  
  59  6:28  Marine  
  59  6:29  Marine  
  66  6:33  Medivac  
  66  6:37  SCV  
  69  6:46  Marine x3  
  72  6:47  Marauder, Marine  
  72  6:53  Stimpack  
  73  6:58  Supply Depot  
  73  7:00  Supply Depot  
  73  7:02  SCV x2  
  73  7:04  Marine x2  
  79  7:08  Marauder  
  79  7:10  Marine x2  
  79  7:14  SCV x2  
  83  7:16  Hellion x2  
  87  7:28  Marine  
  88  7:38  Marine x2  
  88  7:39  Marine  
  88  7:40  Marine  
  92  7:47  Barracks  
  92  7:48  Barracks  
  92  7:49  SCV  
  92  7:50  SCV  
  94  7:52  Supply Depot  
  94  7:53  Supply Depot x2  
  94  8:01  SCV  
  95  8:07  Marine  
  95  8:08  Marine x3  
  95  8:11  Marauder  
  101  8:14  Medivac  
  103  8:25  Marine  
  102  8:33  Marauder  
  104  8:41  Marine x3  
  104  8:42  Marine  
  104  8:45  Barracks Reactor  
  104  8:47  SCV x2  
  110  8:54  Marauder  
  110  8:59  SCV x2  
  77  9:15  Marauder  
  66  9:23  Marine  
  67  9:25  Marine x6  
  73  9:37  Marauder  
  75  9:41  Marine  
  75  9:42  Marine  
  75  9:43  Marine x4  
  79  9:55  Viking  
  79  9:56  Viking  
  62  10:25  Viking  
  62  10:26  Viking  
  66  10:47  Marine x4  
  66  10:48  Marine x2  
  72  10:51  Marine  
  73  11:00  Command Center  
  73  11:05  Marine x3  
  76  11:11  Barracks Reactor  
  76  11:13  Marine  
  76  11:14  Marine x3  
  80  11:23  Marine  
  75  11:28  Marine  
Tags
 
Composition
MMM BioMMM Bio
Matchup
TvT
Race
Terran
Replay Pack
SIII
Spawn Locations
Cross Positions
Add a new tag
Caveats
  • Supply blocks, unpowered buildings, or Contaminate may cause inaccurate times.
  • Supply counts are checked every 10 seconds.